 Dungeon Crawl Stone Soup version 0.22.1-2-g9c5b331 (webtiles) character file.

371 Lilu the Conjurer (level 6, -4/32 HPs)
             Began as a Deep Elf Conjurer on Nov 17, 2018.
             Was an Initiate of Vehumet.
             Shot with an arrow by a centaur (11 damage)
             ... on level 4 of the Dungeon.
             The game lasted 00:08:37 (4600 turns).

Lilu the Conjurer (Deep Elf Conjurer)               Turns: 4600, Time: 00:08:37

Health: -4/32      AC:  5    Str:  7    XL:     6   Next: 42%
Magic:  15/17      EV: 13    Int: 20    God:    Vehumet [......]
Gold:   182        SH:  0    Dex: 15    Spells: 15/18 levels left

rFire    . . .     SeeInvis .   u - +2 whip (elec)
rCold    . . .     Gourm    .   (no shield)
rNeg     . . .     Faith    .   a - +0 robe
rPois    .         Spirit   .   r - +2 helmet
rElec    .         Reflect  .   (no cloak)
rCorr    .         Harm     .   (no gloves)
MR       .....                  (no boots)
Stlth    ++........             (no amulet)
HPRegen  0.10/turn              (no ring)
MPRegen  0.15/turn              (no ring)

@: no status effects
A: no striking features
a: Renounce Religion


You were on level 4 of the Dungeon.
You worshipped Vehumet.
Vehumet was noncommittal.
You were not hungry.

You visited 1 branch of the dungeon, and saw 4 of its levels.

You collected 182 gold pieces.

Inventory:

Hand Weapons
 u - a +2 whip of electrocution (weapon)
Armour
 a - a +0 robe (worn)
 r - a +2 helmet (worn)
 v - a +0 leather armour
Wands
 n - a wand of polymorph (15)
Scrolls
 b - 2 scrolls of amnesia {unknown}
 d - 4 scrolls of enchant weapon {unknown}
 e - a scroll of teleportation {unknown}
 i - a scroll of fear {unknown}
 k - a scroll of random uselessness {unknown}
 m - a scroll of enchant armour {unknown}
 q - 2 scrolls of remove curse {unknown}
 t - a scroll of identify {unknown}
Potions
 g - a potion of mutation {unknown}
 h - a potion of agility {unknown}
 j - a potion of lignification {unknown}
 l - a potion of curing {unknown}
 o - 2 potions of might {unknown}
 p - a potion of magic {unknown}
 s - a potion of ambrosia {unknown}
 w - a potion of heal wounds {unknown}
Comestibles
 c - 4 rations


   Skills:
 - Level 2.4 Dodging
 - Level 2.4 Stealth
 + Level 6.8 Spellcasting
 + Level 6.8 Conjurations


You had 15 spell levels left.
You knew the following spells:

 Your Spells              Type           Power        Failure   Level  Hunger
a - Magic Dart            Conj           ####         1%          1    None
b - Searing Ray           Conj           ####..       1%          2    None

Your spell library contained the following spells:

 Spells                   Type           Power        Failure   Level  Hunger
 Iskenderun's Mystic Bla  Conj           ####....     6%          4    ###....
 Dazzling Spray           Conj/Hex       ###...       7%          3    #......
 Force Lance              Conj/Tloc      ###.....     24%         4    ###....
 Fulminant Prism          Conj/Hex       ###.......   24%         4    ###....


Dungeon Overview and Level Annotations

Branches:
Dungeon (4/15)             Temple (0/1) D:4

Altars:
Qazlal
Trog
Uskayaw
Vehumet


Message History

A centaur comes into view.
The centaur wields a shortbow.
The centaur shoots an arrow.
The arrow hits you.
You see here an arrow.
The centaur shoots an arrow.
The arrow hits you but does no damage.
The centaur shoots an arrow.
The arrow hits you.
You see here 2 arrows.
Casting: Searing Ray (safe; 1% risk of failure)
Confirm with . or Enter, or press ? or * to list all spells.
Aiming: Searing Ray (safe; 1% risk of failure)
Press: ? - help, Shift-Dir - straight line, f - centaur
Aim: a centaur, wielding a shortbow The searing ray hits the centaur.
The centaur is moderately wounded. (Press . to maintain the ray.)
The centaur shoots an arrow.
The arrow hits you.
The centaur shoots an arrow.
The arrow hits you!
Ouch! That really hurt!
* * * LOW HITPOINT WARNING * * *
The centaur shoots an arrow.
The arrow hits you!
You die...

.c. ...# ..# ...# ..## #..##
#.#.# #..### ...#
#...#####...# ##..(...c..#
#...###....## #..## ##@...#
#..# #(#...#
##.###.#......##.....
#..###.##....(.......
..######...#.#..............
............................
............................
.#######....................
##....................


You could see a centaur.

Vanquished Creatures
  An ogre (D:4)
  A howler monkey (D:4)
  2 orc priests
  An orc wizard (D:4)
  An iguana (D:4)
  A howler monkey skeleton (D:4)
  A gnoll (D:1)
  4 adders
  An adder skeleton (D:4)
  A worm (D:2)
  2 leopard geckos
  9 orcs
  2 giant cockroaches
  9 goblins
  6 hobgoblins
  2 jackals (D:3)
  8 kobolds
  A quokka (D:4)
  6 bats
  7 frilled lizards
  A leopard gecko skeleton (D:3)
  2 rats (D:1)
69 creatures vanquished.

Notes
Turn   | Place    | Note
-------+----------+-------------------------------------------
     0 | D:1      | Lilu the Deep Elf Conjurer began the quest for the Orb.
     0 | D:1      | Reached XP level 1. HP: 10/10 MP: 6/6
   631 | D:1      | Reached XP level 2. HP: 15/15 MP: 6/8
   635 | D:1      | Learned a level 2 spell: Searing Ray
  1023 | D:1      | Reached skill level 5 in Conjurations
  1023 | D:1      | Reached XP level 3. HP: 19/19 MP: 3/10
  1367 | D:2      | Found a hide-covered altar of Uskayaw.
  2537 | D:3      | Reached XP level 4. HP: 17/24 MP: 0/12
  2586 | D:3      | Reached skill level 5 in Spellcasting
  2862 | D:3      | Found a radiant altar of Vehumet.
  2872 | D:3      | Became a worshipper of Vehumet
  3424 | D:3      | Found a stormy altar of Qazlal.
  3424 | D:3      | Found a bloodstained altar of Trog.
  3656 | D:4      | Reached XP level 5. HP: 28/28 MP: 5/15
  4206 | D:4      | Found a staircase to the Ecumenical Temple.
  4296 | D:4      | Noticed an ogre
  4325 | D:4      | Killed an ogre
  4325 | D:4      | Reached XP level 6. HP: 26/32 MP: 7/17
  4600 | D:4      | Shot with an arrow by a centaur

Skill      XL: |  1  2  3  4  5 |
---------------+----------------+-----
Spellcasting   | 4 5 6 |  6.8
Conjurations   | 5 6 |  6.8
Dodging        | |  2.4
Stealth        | |  2.4

Action                   |  1- 3 |  4- 6 || total
-------------------------+-------+-------++-------
Melee: Unarmed           |     2 |       ||     2
       Club              |     4 |     1 ||     5
       Whip              |       |    14 ||    14
 Cast: Magic Dart        |    73 |    16 ||    89
       Searing Ray       |     5 |    17 ||    22
  Eat: Chunk             |     4 |     4 ||     8
       Ration            |       |     1 ||     1
Armor: Robe              |     4 |     6 ||    10
Dodge: Dodged            |    26 |    24 ||    50
